 Dungeon Crawl Stone Soup version 0.26-a0-649-gf8c6c3aab7 (webtiles) character file.

Game seed: 10529354352437725

2295 mg7810 the Insei (level 9, -4/81 HPs)
             Began as a Black Draconian Transmuter on Sept 27, 2020.
             Was a Follower of Fedhas.
             Slain by a gnoll
             ... wielding a +0 spear
              (6 damage)
             ... on level 7 of the Dungeon.
             The game lasted 00:23:53 (8539 turns).

mg7810 the Insei (Black Draconian Transmuter)       Turns: 8539, Time: 00:23:53

Health: -4/81      AC:  6    Str: 12    XL:     9   Next: 17%
Magic:  6/13       EV: 11    Int: 23    God:    Fedhas [*.....]
Gold:   309        SH:  0    Dex:  9    Spells: 3/14 levels left

rFire    . . .     SeeInvis +     - Unarmed
rCold    + + +     Faith    .   (shield currently unavailable)
rNeg     . . .     Spirit   .   (armour unavailable)
rPois    +         Reflect  .   (helmet currently unavailable)
rElec    .         Harm     .   (cloak currently unavailable)
rCorr    +         Rampage  .   (gloves currently unavailable)
MR       +....                  (boots currently unavailable)
Stlth    ++........             (no amulet)
HPRegen  0.23/turn              y - ring of Mimnug {MR+ rCorr Int+7 Dex-4 SInv}
MPRegen  0.13/turn              A - ring of protection from fire

@: lethally poisoned (-4 -> -8), ice-form, wereblooded
A: large, (breathe lightning), unfitting armour, AC +7
a: End Transformation, Renounce Religion


You were on level 7 of the Dungeon.
You worshipped Fedhas.
Fedhas was aware of your devotion.
You were a creature of crystalline ice.
You visited 2 branches of the dungeon, and saw 9 of its levels.

You collected 309 gold pieces.

Inventory:

Hand Weapons
 c - a +0 vampiric whip (melded)
 m - a +3 dagger of protection
Missiles
 l - 3 javelins
 n - 7 boomerangs
 s - an atropa-tipped dart (quivered)
 w - 15 poisoned darts
Armour
 g - a +2 pair of boots (melded)
Jewellery
 e - an uncursed ring of resist corrosion
 p - an uncursed ring of see invisible
 y - the ring of Mimnug (left front paw) {MR+ rCorr Int+7 Dex-4 SInv}
   (You found it on level 6 of the Dungeon)

   [ring of resist corrosion]

   It affects your intelligence (+7).
   It affects your dexterity (-4).
   It affects your resistance to hostile enchantments.
   It lets you see invisible.
   It provides partial protection from all sources of acid and corrosion.
 A - a ring of protection from fire (right front paw)
Wands
 h - a wand of flame (2)
 q - a wand of polymorph (7)
 t - a wand of random effects (50)
 v - a wand of acid (12)
 C - a wand of iceblast (9)
Scrolls
 d - a scroll of fear
 i - 4 scrolls of teleportation
 j - a scroll of magic mapping
 x - a scroll of enchant armour
 z - a scroll of blinking
Potions
 a - a potion of might {unknown}
 b - 2 potions of flight
 f - a potion of invisibility {unknown}
 k - 5 potions of curing
 o - a potion of ambrosia {unknown}
 r - 2 potions of stabbing
 u - a potion of lignification {unknown}
 B - a potion of haste {unknown}


   Skills:
 + Level 2.6 Fighting
 + Level 2.8 Maces & Flails
 + Level 3.7 Dodging
 + Level 2.3 Stealth
 + Level 5.7 Unarmed Combat
 + Level 3.3 Spellcasting
 * Level 2.4 Hexes
 + Level 3.8 Transmutations
 * Level 3.7 Ice Magic
 + Level 3.0 Poison Magic
 * Level 3.8 Invocations
 * Level 4.0 Evocations


You had 3 spell levels left.
You knew the following spells:

 Your Spells              Type           Power        Failure   Level
a - Ensorcelled Hibernat  Hex/Ice        ###...       4%          2
b - Wereblood             Tmut           ###.....     3%          2
c - Spider Form           Tmut/Pois      ###.......   9%          3
d - Ice Form              Ice/Tmut       ###.....     24%         4

Your spell library contained the following spells:

 Spells                   Type           Power        Failure   Level
 Beastly Appendage        Tmut           ###...       2%          1
 Corona                   Hex            ##.....      4%          1
 Confusing Touch          Hex            ##......     12%         3
 Tukima's Dance           Hex            ##......     12%         3
 Dazzling Flash           Conj/Hex       #.....       21%         3
 Gell's Gravitas          Tloc           #.........   34%         3
 Petrify                  Tmut/Erth      ##......     45%         4
 Blade Hands              Tmut           ###.......   54%         5
 Metabolic Englaciation   Hex/Ice        ###.......   65%         5
 Yara's Violent Unravell  Hex/Tmut       ###.......   65%         5


Dungeon Overview and Level Annotations

Branches:
Dungeon (8/15)             Temple (1/1) D:7
   Lair: D:8-11

Altars:
Ashenzari
Cheibriados
Dithmenos
Elyvilon
Fedhas
Gozag
Kikubaaqudgha
Makhleb
Nemelex Xobeh
Okawaru
Qazlal
Ru
Sif Muna
Trog
Uskayaw
Vehumet
Wu Jian
Xom
Yredelemnul
Zin
The Shining One

Shops:
D:2 *

Annotations:
D:4 2 transporters, TerrariaFan's ghost, amateur MiFi


Innate Abilities, Weirdness & Mutations

((You can breathe wild blasts of lightning.))
((Your glossy black scales are hard. (AC +7)))
You cannot fit into any form of body armour.
((You are resistant to electric shocks. (rElec)))
((You are cold-blooded and may be slowed by cold attacks.))


Message History

You punch the gnoll! You freeze the gnoll.
You kill the gnoll!
Fedhas accepts your kill.
You feel sick. The gnoll barely misses you.
The gnoll sergeant hits you with a +0 spear of venom!
The gnoll hits you from afar with a +0 spear.
* * * LOW HITPOINT WARNING * * *
You hit the gnoll sergeant. You freeze the gnoll sergeant.
The gnoll sergeant is heavily wounded.
You feel sick.
The gnoll hits you from afar with a +0 halberd.
* * * LOW HITPOINT WARNING * * *
The gnoll sergeant hits you with a +0 spear of venom!
* * * LOW HITPOINT WARNING * * *
You feel sick.
The gnoll sergeant hits you from afar with a +0 spear of venom!
* * * LOW HITPOINT WARNING * * *
The gnoll hits you from afar with a +0 spear.
You die...
Fedhas appreciates your contribution to the ecosystem.

#.##.#.# #.#........#.##
#......# ..#...##......#
#......# #.##..######..#
##.#.#.#...##..# #..#
#....#.#(#o#...######..#
#..###.#..g#...........#
#..###.#g#gg...#######.#
#......#.).#....# #.##
#.#.####[#Y#.....# #..##
#....###...#......####...##
#......###(#......+.......(
#....###...#......####...##
#.#.## #.#.#.....## ##..##
#.### #.†(# ##..... #.#
#.#.# ##..###. ##.##
#...##+#### #.#.# . #...#
###.#.#.....# ##..###.


You could see a gnoll sergeant, 3 gnolls and an orc.

Vanquished Creatures
  A rime drake (D:7)
  2 ice beasts
  A sky beast (D:8)
  2 ogres (D:7)
  2 centaurs
  4 bullfrogs
  A scorpion (D:7)
  3 wights (D:7)
  3 howler monkeys
  2 hounds
  4 orc wizards
  3 orc priests
  2 bullfrog zombies
  2 jellies (D:5)
  2 iguanas (D:7)
  Terence (D:2)
  2 bullfrog skeletons
  2 worker ants (D:5)
  A killer bee zombie (D:7)
  A hound zombie (D:5)
  2 worker ant zombies
  6 gnolls
  A howler monkey skeleton (D:5)
  10 adders
  A white imp (D:5)
  2 oozes
  2 worms
  3 dart slugs
  2 leopard geckos
  26 orcs
  3 giant cockroaches
  11 goblins
  10 hobgoblins
  7 jackals (D:3)
  6 quokkas
  2 ball pythons
  12 bats
  2 frilled lizards
  9 kobolds
  A quokka skeleton (D:5)
  6 rats
165 creatures vanquished.

Notes
Turn   | Place    | Note
-------+----------+-------------------------------------------
     0 | D:1      | mg7810 the Draconian Transmuter began the quest for the
                  | Orb.
     0 | D:1      | Reached XP level 1. HP: 16/16 MP: 3/3
    77 | D:1      | Reached XP level 2. HP: 14/23 MP: 3/5
   245 | D:1      | Learned a level 2 spell: Wereblood
   629 | D:1      | Reached XP level 3. HP: 28/28 MP: 4/6
   634 | D:1      | Learned a level 3 spell: Spider Form
  1013 | D:2      | Reached skill level 1 in Stealth
  1013 | D:2      | Reached skill level 4 in Unarmed Combat
  1029 | D:2      | Reached XP level 4. HP: 14/35 MP: 5/7
  1197 | D:2      | Noticed Terence
  1207 | D:2      | Killed Terence
  1425 | D:2      | Found a glowing silver altar of Zin.
  1426 | D:2      | Found Zin's Purification Station.
  1552 | D:2      | Reached skill level 1 in Poison Magic
  1926 | D:3      | Reached XP level 5. HP: 40/40 MP: 5/8
  2696 | D:3      | Reached skill level 1 in Maces & Flails
  2967 | D:4      | Reached XP level 6. HP: 23/48 MP: 6/9
  2973 | D:4      | Learned a level 4 spell: Ice Form
  3131 | D:4      | Reached skill level 1 in Ice Magic
  3334 | D:4      | Reached skill level 1 in Evocations
  3490 | D:4      | Noticed TerrariaFan's ghost (amateur MiFi)
  3497 | D:4      | Found a transporter.
  3533 | D:4      | Found a transporter.
  3617 | D:4      | Found a bloodstained altar of Trog.
  3680 | D:5      | Entered Level 5 of the Dungeon
  3688 | D:5      | Your scales start taking on a glossy black colour.
  3688 | D:5      | Reached XP level 7. HP: 55/55 MP: 1/10
  3688 | D:5      | Gained mutation: You are resistant to electric shocks.
                  | (rElec) [Black Draconian growth]
  4591 | D:5      | You fall into a shaft and drop 3 floors!
  4766 | D:7      | Reached skill level 5 in Unarmed Combat
  5368 | D:5      | Learned a level 2 spell: Ensorcelled Hibernation
  5557 | D:5      | Found an iron altar of Okawaru.
  5560 | D:5      | Found a shadowy altar of Dithmenos.
  5563 | D:5      | Found a blossoming altar of Fedhas.
  5721 | D:5      | Became a worshipper of Fedhas Madash
  6242 | D:6      | Reached XP level 8. HP: 62/62 MP: 9/12
  6333 | D:6      | Reached skill level 1 in Invocations
  6632 | D:6      | Got a wavering iron ring
  6912 | D:6      | Identified the ring of Mimnug {MR+ rCorr Int+7 Dex-4 SInv}
                  | (You found it on level 6 of the Dungeon)
  7285 | D:7      | Reached skill level 1 in Hexes
  7423 | D:7      | Found a staircase to the Ecumenical Temple.
  7432 | Temple   | Entered the Ecumenical Temple
  7609 | D:7      | Reached * piety under Fedhas
  7789 | D:7      | Noticed Maggie
  7797 | D:7      | Noticed Maggie
  7797 | D:7      | Maggie changed into Maggie the rime drake
  7798 | D:7      | Killed Maggie the rime drake
  7902 | D:7      | Reached XP level 9. HP: 68/68 MP: 10/13
  8539 | D:7      | HP: 2/81 [gnoll sergeant/+0 spear of venom (7)]
  8539 | D:7      | Slain by a gnoll

Illustrated notes

Levels and vault maps discovered:
D:1:      tarquinn_simple_flora_water_f, layout_loops_ring, due_unseen_surprise
D:2:      layout_loops_ring, zin_purify, minmay_split_cup_small, uniq_terence
D:3:      layout_basic
D:4:      minmay_diamond_boxcup, layout_rooms, kennysheep_mini,
          gammafunk_ghost_arena
D:5:      layout_layer_cave, grunt_temple_overflow_diamond
D:6:      layout_loops_cross
D:7:      corexii_shantytown, layout_loops_corners, minmay_temple_entry_trees,
          hangedman_minor_gate_pass, uniq_maggie
D:8:      layout_gridville, special_room [special_room_orc], uniq_harold
Temple:   nicolae_temple_elliptical

Skill      XL: |  1  2  3  4  5  6  7  8  9 |
---------------+----------------------------+-----
Stealth        | 1 2 |  2.3
Unarmed Combat | 4 5 |  5.7
Dodging        | 2 3 |  3.7
Poison Magic   | 1 2 3 |  3.0
Maces & Flails | 1 2 |  2.8
Transmutations | 3 |  3.8
Ice Magic      | 1 2 3 |  3.7
Evocations     | 1 2 3 4 |  4.0
Fighting       | 2 |  2.6
Invocations    | 3 |  3.8
Hexes          | 2 |  2.4
Spellcasting   | 3 |  3.3

Action                   |  1- 3 |  4- 6 |  7- 9 || total
-------------------------+-------+-------+-------++-------
Melee: Unarmed           |    76 |    78 |   157 ||   311
       Kick              |     9 |     4 |       ||    13
       Headbutt          |     8 |     1 |       ||     9
       Tailslap          |     6 |    23 |    23 ||    52
       Whip              |       |   185 |   194 ||   379
       Punch             |       |       |     4 ||     4
Throw: Dart              |       |       |     3 ||     3
 Cast: Beastly Appendage |    11 |     4 |       ||    15
       Wereblood         |     3 |     7 |     6 ||    16
       Spider Form       |     2 |     9 |    11 ||    22
       Ice Form          |       |       |     6 ||     6
       Ensorcelled Hiber |       |       |     4 ||     4
 Abil: Breathe Lightning |       |       |     2 ||     2
Evoke: Wand              |       |       |     3 ||     3
  Use: Scroll            |     3 |     9 |     9 ||    21
       Potion            |     1 |       |       ||     1
 Stab: Sleeping          |     3 |       |     1 ||     4
Armor: Skin              |    22 |   133 |   102 ||   257
Dodge: Dodged            |    47 |   174 |   286 ||   507

Table legend: (Time is in decaauts)
 A = Elapsed time spent in this place.
 B = Non-inter-level travel time spent in this place.
 C = Inter-level travel time spent in this place.
 D = Time resting spent in this place.
 E = Time spent auto-exploring this place.
 F = Levels seen in this place.
 G = Mean time per level.
                   A        B        C        D        E       F      G
               +--------+--------+--------+--------+--------+-----+--------+
         Total |   8524 |   8440 |     84 |      0 |   6742 |   9 |  947.1 |
       Dungeon |   8379 |   8295 |     84 |      0 |   6628 |   8 | 1047.4 |
        Temple |    145 |    145 |      0 |      0 |    114 |   1 |  145.0 |
               +--------+--------+--------+--------+--------+-----+--------+

Top non-repeatable levels by time:
     D:5: 1813 daAuts
     D:7: 1612 daAuts
     D:6: 1219 daAuts
     D:3: 1032 daAuts
     D:1: 928 daAuts
     D:4: 875 daAuts
     D:2: 848 daAuts
  Temple: 145 daAuts
     D:8: 49 daAuts
